 Dungeon Crawl Stone Soup version 0.30-a0-263-ge22c4ad894 (webtiles) character file.

Game seed: 534272054911626176

9 Balfuset790 the Slasher (level 2, -2/26 HPs)
             Began as a Gnoll Reaver on Oct 13, 2022.
             Slain by a worm (7 damage)
             ... on level 1 of the Dungeon.
             The game lasted 00:00:48 (41 turns).

Balfuset790 the Slasher (Gnoll Reaver)                Turns: 41, Time: 00:00:49

Health: -2/26      AC:  3    Str: 11    XL:     2   Next: 12%
Magic:  7/7        EV: 12    Int: 12    God:
Gold:   9          SH:  0    Dex: 10    Spells: 9/10 levels left

rFire   . . .      SeeInvis .    a - +0 falchion
rCold   . . .      Faith    .    (no shield)
rNeg    . . .      Spirit   .    b - +0 leather armour
rPois   .          Reflect  .    (no helmet)
rElec   .          Harm     .    (no cloak)
rCorr   .          Rampage  .    (no gloves)
Will    .....                    (no boots)
Stlth   +.........               (no amulet)
HPRegen 0.24/turn                (no ring)
MPRegen 0.10/turn                (no ring)

@: no status effects
A: fangs 1, strong nose, distributed training
a: no special abilities


You were on level 1 of the Dungeon.
You visited 1 branch of the dungeon, and saw 1 of its levels.

You collected 9 gold pieces.

Inventory:

Hand Weapons
 a - a +0 falchion (weapon)
Armour
 b - a +0 leather armour (worn)
Scrolls
 c - a scroll of immolation {unknown}


   Skills:
 + Level 4.4 Fighting
 + Level 0.3 Short Blades
 + Level 6.4 Long Blades
 + Level 0.3 Axes
 + Level 0.3 Maces & Flails
 + Level 0.3 Polearms
 + Level 0.3 Staves
 + Level 0.3 Ranged Weapons
 + Level 0.3 Throwing
 + Level 0.3 Armour
 + Level 4.4 Dodging
 + Level 0.3 Stealth
 + Level 0.3 Shields
 + Level 0.3 Unarmed Combat
 + Level 4.9 Spellcasting
 + Level 5.3 Conjurations
 + Level 0.2 Hexes
 + Level 0.2 Summonings
 + Level 0.2 Necromancy
 + Level 0.2 Translocations
 + Level 0.2 Transmutations
 + Level 0.2 Fire Magic
 + Level 0.2 Ice Magic
 + Level 0.2 Air Magic
 + Level 0.2 Earth Magic
 + Level 0.2 Poison Magic
 + Level 0.4 Invocations
 + Level 0.3 Evocations


You had 9 spell levels left.
You knew the following spells:

 Your Spells              Type           Power      Damage    Failure   Level
a - Kiss of Death         Conj/Necr      36%        2d8       9%          1

Your spell library contained the following spells:

 Spells                   Type           Power      Damage    Failure   Level
 Momentum Strike          Conj/Tloc      18%        3d8       13%         2
 Hailstorm                Conj/Ice       9%         3d4       26%         3


Dungeon Overview and Level Annotations

Branches:
Dungeon (1/15)

Altars:


Innate Abilities, Weirdness & Mutations

You have very sharp teeth.
Your uncanny sense of smell can sniff out nearby items.
Your experience applies equally to all skills.


Message History

The jackal bites you but does no damage.
The giant cockroach bites you.
* * * LOW HITPOINT WARNING * * *
The jackal bites you but does no damage.
You closely miss the giant cockroach.
The giant cockroach is heavily wounded.
The jackal closely misses you.
The jackal pauses to sniff the ground.
The giant cockroach barely misses you. The worm barely misses you.
You hit the giant cockroach but do no damage.
The giant cockroach is heavily wounded.
The jackal misses you. The giant cockroach barely misses you.
You hit the giant cockroach.
You kill the giant cockroach!
The jackal bites you but does no damage.
The worm completely misses you.
The jackal bites you but does no damage.
You have reached level 2!
You completely miss the jackal. The jackal misses you.
The worm closely misses you.
You miss the jackal.
The jackal bites you but does no damage.
You slash the jackal!
You kill the jackal!
The worm bites you but does no damage.
You barely miss the worm. You bite the worm.
The worm is lightly wounded.
You hit the worm but do no damage.
The worm is lightly wounded.
The worm bites you.
* * * LOW HITPOINT WARNING * * *
You hit the worm. You bite the worm, but do no damage.
The worm is moderately wounded.
The worm barely misses you.
You slash the worm!
The worm is severely wounded.
You hit the worm. Your bite misses the worm.
The worm is almost dead.
The worm bites you!
You die...

###+#######+###
#..⌠...>...⌠..#
#......<......#
+⌠....###....⌠+
#.....†@†.....#
#######w#######
#.....BhJ.....#
#.....JB......#
#.............#
###############


You could see a worm, 2 endoplasms, a jackal and 2 giant cockroaches.

Vanquished Creatures
  3 giant cockroaches (D:1)
  3 jackals (D:1)
  A rat (D:1)
7 creatures vanquished.

Notes
Turn   | Place    | Note
-------+----------+-------------------------------------------
     0 | D:1      | Balfuset790 the Gnoll Reaver began the quest for the Orb.
     0 | D:1      | Reached XP level 1. HP: 20/20 MP: 6/6
     1 | D:1      | Found a runed translucent door.
    34 | D:1      | Reached XP level 2. HP: 7/26 MP: 7/7
    41 | D:1      | Slain by a worm

Illustrated notes

Levels and vault maps discovered:
D:1:      dpeg_arrival_caged_fury, layout_basic

Action                   || total
-------------------------++-------
Melee: Falchion          ||    29
       Bite              ||     3
Armor: Leather armour    ||    16
Dodge: Dodged            ||    26

Table legend: (Time is in decaauts)
 A = Elapsed time spent in this place.
 B = Non-inter-level travel time spent in this place.
 C = Inter-level travel time spent in this place.
 D = Time resting spent in this place.
 E = Time spent auto-exploring this place.
 F = Levels seen in this place.
 G = Mean time per level.
                   A        B        C        D        E       F      G
               +--------+--------+--------+--------+--------+-----+--------+
         Total |     40 |     40 |      0 |      0 |      0 |   1 |   40.0 |
       Dungeon |     40 |     40 |      0 |      0 |      0 |   1 |   40.0 |
               +--------+--------+--------+--------+--------+-----+--------+

Top non-repeatable levels by time:
     D:1: 40 daAuts
